 Dungeon Crawl Stone Soup version 0.30-a0-4-ga7cffc901d (webtiles) character file.

Game seed: 496843260861042323

64 Setbun the Sneak (level 4, -1/25 HPs)
             Began as a Kobold Enchanter on Aug 20, 2022.
             Killed from afar by a dart slug (4 damage)
             ... with a slug dart
             ... on level 2 of the Dungeon.
             The game lasted 00:01:22 (1086 turns).

Setbun the Sneak (Kobold Enchanter)                 Turns: 1086, Time: 00:01:22

Health: -1/25      AC:  2    Str:  5    XL:     4   Next: 32%
Magic:  7/7        EV: 15    Int: 16    God:
Gold:   43         SH:  0    Dex: 17    Spells: 7/7 levels left

rFire   . . .      SeeInvis .    g - +0 dagger (drain)
rCold   . . .      Faith    .    (no shield)
rNeg    . . .      Spirit   .    b - +0 robe
rPois   .          Reflect  .    (no helmet)
rElec   .          Harm     .    (no cloak)
rCorr   .          Rampage  .    (no gloves)
Will    .....                    (no boots)
Stlth   ++++......               (no amulet)
HPRegen 0.08/turn                (no ring)
MPRegen 0.10/turn                (no ring)

@: no status effects
A: small, no large weapons, nightstalker 3
a: no special abilities


You were on level 2 of the Dungeon.
You visited 1 branch of the dungeon, and saw 2 of its levels.

You collected 43 gold pieces.

Inventory:

Hand Weapons
 a - a +1 dagger
 g - a +0 dagger of draining (weapon)
Armour
 b - a +0 robe (worn)
Scrolls
 e - a scroll of teleportation {unknown}
 f - a scroll of enchant weapon {unknown}
 h - a scroll of blinking {unknown}
 j - a scroll of fear {unknown}
Potions
 c - 2 potions of invisibility
 d - 3 potions of brilliance {unknown}
 i - 2 potions of mutation {unknown}


   Skills:
 + Level 1.5 Fighting
 + Level 2.4 Short Blades
 + Level 3.1 Dodging
 * Level 5.3 Stealth
 - Level 2.1 Spellcasting
 - Level 3.0 Hexes


You had 7 spell levels left.
You didn't know any spells.
Your spell library contained the following spells:

 Spells                   Type           Power      Damage    Failure   Level
 Ensorcelled Hibernation  Hex/Ice        12%        N/A       17%         2
 Confusing Touch          Hex            11%        N/A       19%         3
 Tukima's Dance           Hex            11%        N/A       19%         3
 Sandblast                Erth           2%         2d4       21%         1
 Passwall                 Tmut/Erth      0%         N/A       30%         2
 Dazzling Flash           Conj/Hex       12%        N/A       32%         3
 Stone Arrow              Conj/Erth      2%         3d7       52%         3


Dungeon Overview and Level Annotations

Branches:
Dungeon (2/15)

Altars:


Innate Abilities, Weirdness & Mutations

You are small and have problems with some larger weapons.
You are completely attuned to the shadows.


Message History

A dart slug comes into view.
Natasha misses you.
You hit Natasha.
Natasha is lightly wounded.
Natasha closely misses you.
You hit Natasha but do no damage.
Natasha is lightly wounded.
Natasha claws you.
You hit Natasha. You drain Natasha.
Natasha is severely wounded.
Natasha misses you.
You barely miss Natasha.
Natasha is severely wounded.
Natasha barely misses you.
You hit Natasha.
Natasha is severely wounded.
Natasha claws you.
You barely miss Natasha.
Natasha is severely wounded.
You barely miss Natasha.
Natasha is severely wounded.
Natasha casts a spell at you. The magic dart hits you.
You hit Natasha.
Natasha is almost dead.
Natasha casts a spell at you. The magic dart hits you!
* * * LOW HITPOINT WARNING * * *
You closely miss Natasha.
Natasha is almost dead.
Natasha misses you. The dart slug misses you.
You hit Natasha.
You kill Natasha!
Natasha screams in pain as she dies!
The dart slug closely misses you.
You have reached level 4!
Unknown command.
The dart slug launches a dart at you. The slug dart hits you.
You die...

.### ....
..#
#######..##
#[.@..w....
#.#####..##
#.# ..# #.#
.... #.#
..## #.#
#.# #.# #
##.###..


You could see a dart slug.

Vanquished Creatures
  Natasha (twice) (D:2)
  3 endoplasms
  A goblin (D:1)
  A hobgoblin (D:1)
  A bat (D:1)
  2 frilled lizards
  4 kobolds
  3 rats
  A spectral goblin (D:1)
18 creatures vanquished.

Notes
Turn   | Place    | Note
-------+----------+-------------------------------------------
     0 | D:1      | Setbun the Kobold Enchanter began the quest for the Orb.
     0 | D:1      | Reached XP level 1. HP: 10/10 MP: 3/3
   445 | D:1      | Found a faded altar of an unknown god.
   502 | D:1      | Reached XP level 2. HP: 16/16 MP: 5/5
  1032 | D:2      | Noticed Natasha
  1036 | D:2      | Killed Natasha
  1037 | D:2      | Reached skill level 1 in Fighting
  1037 | D:2      | Reached XP level 3. HP: 20/20 MP: 6/6
  1069 | D:2      | Reached skill level 5 in Stealth
  1072 | D:2      | Noticed Natasha
  1083 | D:2      | Killed Natasha
  1084 | D:2      | Reached XP level 4. HP: 2/25 MP: 7/7
  1086 | D:2      | Killed from afar by a dart slug

Illustrated notes

Levels and vault maps discovered:
D:1:      scummos_arrival_star, layout_rooms,
          dreamdust_ecumenical_altar_drowned_temple
D:2:      layout_loops_ring, basic_altar, kennysheep_generic_room_11,
          uniq_natasha

Skill      XL: |  1  2  3 |
---------------+----------+-----
Fighting       | 1 |  1.5
Short Blades   | 2 |  2.4
Dodging        | 3 |  3.1
Stealth        | 5 |  5.3
Spellcasting   | |  2.1
Hexes          | |  3.0

Action                   |  1- 3 |  4- 6 || total
-------------------------+-------+-------++-------
Melee: Dagger            |    44 |       ||    44
 Stab: Sleeping          |    11 |       ||    11
Armor: Robe              |     1 |       ||     1
Dodge: Dodged            |    19 |       ||    19

Table legend: (Time is in decaauts)
 A = Elapsed time spent in this place.
 B = Non-inter-level travel time spent in this place.
 C = Inter-level travel time spent in this place.
 D = Time resting spent in this place.
 E = Time spent auto-exploring this place.
 F = Levels seen in this place.
 G = Mean time per level.
                   A        B        C        D        E       F      G
               +--------+--------+--------+--------+--------+-----+--------+
         Total |   1086 |   1034 |     52 |    225 |    687 |   2 |  543.0 |
       Dungeon |   1086 |   1034 |     52 |    225 |    687 |   2 |  543.0 |
               +--------+--------+--------+--------+--------+-----+--------+

Top non-repeatable levels by time:
     D:1: 928 daAuts
     D:2: 157 daAuts
